Map: Lerilak Crest

Players

PiG

  • Race: Zerg Zerg
  • League: Grandmaster

NoPinSea (Probe) - Winner!

  • Race: Protoss Protoss
  • League: Master

Event: 2016 WCS Winter Challenger Oceania SEA

VOD

Have the link to the VOD?

Description

Time

  • Played on: Feb. 12, 2016, 9:01 p.m.
  • Length: 20:08

All games in this series

Show
View Real Time Build Order
Export as new Build Order

PiG Zerg 

Build Orders: Pool First, Lurkers 

Get SALT Encoding   

  12  0:01  Drone  
  13  0:14  Extractor  
  12  0:23  Spawning Pool  
  12  0:28  Drone  
  12  0:32  Drone  
  13  0:39  Drone  
  14  0:49  Overlord  
  14  1:10  Zergling x4  
  17  1:11  Zergling x2  
  17  1:14  Metabolic Boost  
  17  1:23  Zergling x2  
  19  1:32  Zergling x2  
  19  1:37  Queen  
  21  1:43  Zergling x2  
  22  1:55  Overlord  
  22  2:07  Overlord  
  22  2:22  Drone  
  23  2:26  Hatchery  
  22  2:34  Drone  
  21  2:39  Drone  
  22  3:03  Drone x2  
  24  3:23  Hatchery  
  22  3:27  Drone  
  22  3:30  Queen  
  25  3:35  Baneling Nest  
  24  3:43  Drone x5  
  24  3:48  Drone  
  30  3:54  Queen  
  32  3:59  Drone  
  33  4:05  Drone x2  
  35  4:11  Drone x2  
  35  4:12  Drone  
  38  4:20  Drone  
  38  4:23  Overlord  
  39  4:26  Zergling x4  
  39  4:27  Zergling x2  
  39  4:30  Zergling x2  
  42  4:36  Zergling x2  
  43  4:41  Zergling x2  
  43  4:42  Zergling x4  
  46  4:46  Baneling  
  46  4:47  Zergling x6, Baneling x2  
  48  4:54  Zergling x6  
  47  5:10  Zergling x4  
  47  5:12  Drone x2  
  50  5:20  Drone x7  
  54  5:25  Drone  
  54  5:26  Spore Crawler  
  54  5:31  Spore Crawler  
  53  5:36  Drone  
  53  5:37  Spore Crawler  
  53  5:40  Drone x3  
  53  5:41  Drone  
  56  5:52  Overlord x2  
  56  5:54  Drone x2  
  58  5:59  Overlord  
  57  6:12  Overlord  
  55  6:20  Drone x9  
  55  6:23  Lair  
  55  6:25  Extractor  
  62  6:28  Drone x3, Evolution Chamber  
  62  6:29  Drone x4  
  62  6:32  Drone  
  68  6:37  Drone x3  
  71  6:44  Extractor  
  70  6:47  Extractor, Queen  
  71  6:56  Zerg Missile Weapons Level 1  
  71  6:58  Queen  
  71  7:00  Drone x3, Extractor  
  74  7:02  Extractor  
  74  7:05  Hatchery, Roach Warren  
  74  7:06  Zergling x4  
  74  7:07  Zergling x2  
  72  7:09  Drone x3  
  72  7:14  Drone x3  
  78  7:18  Overlord  
  78  7:21  Hydralisk Den  
  78  7:22  Drone  
  78  7:32  Zergling x16  
  78  7:35  Drone x2  
  78  7:36  Drone  
  89  7:43  Spore Crawler  
  87  7:48  Overlord x2  
  87  7:49  Overlord x3  
  87  7:50  Muscular Augments  
  87  7:51  Hydralisk  
  87  7:53  Overseer  
  89  8:01  Hydralisk x4  
  92  8:09  Hydralisk x3  
  95  8:12  Drone  
  95  8:13  Drone x4  
  95  8:16  Drone  
  95  8:19  Glial Reconstitution  
  100  8:24  Drone x3, Extractor  
  100  8:25  Drone x2, Extractor  
  100  8:26  Drone  
  104  8:40  Drone x2  
  104  8:41  Drone x3  
  109  8:47  Overlord x2  
  109  8:49  Hydralisk x4  
  109  8:51  Overseer  
  109  8:55  Hydralisk x3  
  123  9:07  Overlord x4  
  123  9:09  Zerg Missile Weapons Level 2  
  123  9:18  Lurker Den  
  123  9:23  Hydralisk  
  123  9:24  Hydralisk x4  
  123  9:26  Roach x2  
  137  9:38  Roach x6  
  149  9:45  Infestation Pit  
  147  9:57  Roach x9  
  165  10:02  Overlord x3  
  165  10:20  Overlord x3, Hatchery, Drone  
  165  10:21  Pathogen Glands  
  165  10:22  Roach  
  165  10:23  Roach x4  
  174  10:32  Overlord  
  174  10:33  Overlord, Pneumatized Carapace  
  174  10:38  Roach x5  
  184  10:46  Lurker x12  
  184  10:48  Overseer  
  196  10:52  Overseer  
  196  10:56  Infestor x2  
  196  11:36  Hive  
  196  11:39  Spire  
  195  11:40  Evolution Chamber  
  180  12:11  Hydralisk x3  
  180  12:12  Hydralisk x8  
  180  12:15  Roach x9  
  173  12:19  Hydralisk x4  
  159  12:25  Extractor  
  159  12:27  Zerg Ground Armor Level 1, Zerg Melee Weapons Level 1  
  158  12:35  Hydralisk x4  
  158  12:36  Infestor  
  158  12:37  Infestor  
  166  12:38  Roach x4  
  166  12:39  Extractor  
  166  12:42  Overseer  
  177  12:44  Overseer, Extractor  
  177  12:48  Overseer  
  177  12:49  Zergling x16  
  181  13:02  Spine Crawler x2  
  181  13:03  Spore Crawler  
  178  13:10  Greater Spire  
  178  13:22  Lurker x4  
  178  13:23  Lurker x2  
  156  13:56  Lurker x2  
  156  13:57  Zergling x38  
  156  14:00  Drone x3  
  173  14:21  Hydralisk x7  
  175  14:25  Zerg Melee Weapons Level 2  
  175  14:26  Zerg Ground Armor Level 2  
  170  14:40  Corruptor x2  
  170  14:41  Corruptor x4  
  170  14:43  Zergling x24  
  188  14:53  Zerg Flyer Armor Level 1  
  182  15:11  Spine Crawler  
  178  15:16  Spore Crawler  
  178  15:17  Spine Crawler  
  174  15:22  Brood Lord x2  
  174  15:24  Brood Lord x2  
  174  15:27  Brood Lord  
  176  15:41  Brood Lord  
  175  15:56  Hatchery  
  156  16:03  Drone x4  
  156  16:04  Drone x2  
  162  16:11  Hydralisk x6  
  161  16:16  Drone x4  
  177  16:19  Drone x2  
  179  16:36  Zergling x2  
  155  16:55  Drone x5  
  155  16:56  Drone x3  
  163  17:01  Zerg Melee Weapons Level 3  
  163  17:02  Zerg Ground Armor Level 3  
  163  17:12  Extractor  
  163  17:14  Infestor x2  
  166  17:17  Hatchery  
  165  17:26  Zerg Flyer Armor Level 2  
  165  17:32  Drone  
  165  17:33  Drone x2, Spore Crawler  
  165  17:35  Spine Crawler  
  165  17:36  Adrenal Glands  
  166  17:44  Zergling x24  
  166  17:45  Zergling x6  
  177  17:59  Drone x2  
  177  18:03  Hydralisk x4  
  177  18:04  Hydralisk x3  
  159  18:14  Hydralisk x3  
  143  18:25  Drone  
  143  18:26  Drone x5  
  128  18:45  Queen  
  128  18:46  Drone  
  128  18:47  Drone  
  108  19:05  Hydralisk x7  
  101  19:31  Hydralisk x4  
Show
View Real Time Build Order
Export as new Build Order

NoPinSea Protoss - Winner!

Build Orders: 1 Gate Expand 

Get SALT Encoding   

  12  0:01  Probe (Chrono Boost)  
  13  0:11  Probe (Chrono Boost)  
  14  0:17  Pylon  
  14  0:22  Probe (Chrono Boost)  
  15  0:31  Assimilator  
  16  0:36  Probe (Chrono Boost)  
  16  0:39  Gateway  
  16  0:46  Probe (Chrono Boost)  
  17  0:51  Assimilator  
  17  0:57  Probe (Chrono Boost)  
  18  1:07  Probe (Chrono Boost)  
  19  1:21  Nexus  
  19  1:24  Probe (Chrono Boost)  
  20  1:34  Cybernetics Core  
  20  1:40  Zealot (Chrono Boost)  
  22  1:47  Pylon  
  22  1:53  Probe  
  22  2:00  Gateway  
  22  2:01  Gateway  
  22  2:05  Assimilator  
  22  2:06  Zealot (Chrono Boost)  
  24  2:22  Warp Gate (Chrono Boost)  
  24  2:29  Adept (Chrono Boost)  
  26  2:41  Mothership Core  
  26  2:50  Adept (Chrono Boost)  
  30  2:58  Adept (Chrono Boost)  
  30  3:00  Pylon  
  30  3:05  Probe  
  31  3:18  Probe  
  32  3:35  Nexus  
  32  3:36  Sentry  
  34  3:42  Probe  
  34  3:46  Pylon  
  38  4:00  Stargate  
  36  4:15  Adept x2  
  36  4:16  Adept  
  41  4:22  Probe (Chrono Boost)  
  42  4:33  Probe (Chrono Boost), Pylon  
  43  4:44  Probe (Chrono Boost)  
  43  4:45  Oracle (Chrono Boost)  
  46  4:53  Probe  
  46  4:55  Probe  
  46  5:08  Probe  
  46  5:09  Probe  
  46  5:18  Oracle (Chrono Boost)  
  46  5:20  Probe (Chrono Boost)  
  48  5:21  Probe (Chrono Boost)  
  43  5:29  Sentry x2  
  43  5:31  Probe (Chrono Boost)  
  43  5:32  Probe (Chrono Boost)  
  49  5:42  Probe (Chrono Boost)  
  50  5:43  Probe (Chrono Boost)  
  50  5:45  Nexus  
  51  5:50  Pylon  
  51  5:52  Probe (Chrono Boost)  
  51  5:53  Probe (Chrono Boost)  
  53  6:01  Void Ray  
  57  6:05  Probe x2 (Chrono Boost)  
  59  6:15  Probe (Chrono Boost)  
  59  6:16  Probe (Chrono Boost), Adept x2  
  64  6:26  Probe (Chrono Boost)  
  64  6:27  Probe (Chrono Boost)  
  64  6:31  Adept  
  68  6:36  Probe (Chrono Boost)  
  68  6:37  Probe (Chrono Boost)  
  70  6:42  Pylon  
  70  6:45  Pylon  
  71  6:47  Probe (Chrono Boost), Pylon  
  71  6:48  Assimilator x2  
  71  6:49  Probe (Chrono Boost)  
  72  6:57  Probe (Chrono Boost)  
  72  6:59  Probe (Chrono Boost)  
  74  7:02  Probe (Chrono Boost)  
  75  7:09  Void Ray  
  75  7:10  Gateway  
  75  7:12  Gateway  
  79  7:15  Gateway  
  79  7:19  Probe x3 (Chrono Boost)  
  82  7:23  Adept  
  84  7:32  Twilight Council  
  84  7:33  Probe (Chrono Boost)  
  84  7:34  Forge  
  84  7:36  Probe x2 (Chrono Boost)  
  87  7:44  Probe (Chrono Boost)  
  88  7:46  Probe (Chrono Boost)  
  88  7:48  Robotics Facility  
  88  7:50  Probe (Chrono Boost)  
  90  7:54  Probe (Chrono Boost)  
  90  7:57  Probe (Chrono Boost)  
  92  8:01  Probe (Chrono Boost), Charge (Chrono Boost)  
  93  8:09  Probe (Chrono Boost), Void Ray (Chrono Boost)  
  93  8:10  Probe (Chrono Boost)  
  93  8:15  Templar Archives  
  89  8:25  Assimilator  
  89  8:26  Assimilator  
  88  8:28  Gateway  
  88  8:30  Gateway x2  
  88  8:31  Gateway  
  88  8:32  Protoss Ground Weapons Level 1  
  88  8:34  Observer (Chrono Boost)  
  89  8:42  Zealot x2  
  89  8:43  Zealot x2  
  89  8:46  Psionic Storm  
  97  8:49  Zealot x2  
  101  8:56  Void Ray (Chrono Boost)  
  101  8:58  Warp Prism  
  107  9:07  Zealot x2  
  107  9:08  High Templar  
  113  9:14  High Templar  
  112  9:24  Zealot  
  112  9:25  Robotics Facility, Zealot  
  112  9:30  Pylon  
  116  9:33  Pylon  
  116  9:36  Pylon  
  116  9:48  High Templar x2  
  116  9:50  Immortal (Chrono Boost)  
  124  9:53  Zealot  
  124  9:54  Zealot x3  
  132  10:01  Nexus  
  132  10:02  Zealot x3  
  138  10:09  Pylon  
  138  10:12  Pylon  
  138  10:13  Pylon  
  138  10:19  Protoss Ground Weapons Level 2  
  138  10:24  Immortal (Chrono Boost)  
  144  10:29  Immortal (Chrono Boost)  
  144  10:32  Nexus, High Templar x2  
  148  10:36  Archon  
  148  10:39  Resonating Glaives  
  148  10:46  Pylon  
  148  10:47  Pylon  
  148  10:51  Zealot x2  
  152  10:58  Immortal (Chrono Boost)  
  152  11:01  Zealot  
  152  11:03  Immortal (Chrono Boost)  
  162  11:05  Zealot x2  
  166  11:13  Zealot x3  
  170  11:34  Zealot x5  
  180  11:44  Immortal x2 (Chrono Boost)  
  186  12:01  Zealot x6  
  130  12:18  Observer (Chrono Boost)  
  130  12:22  Zealot x10  
  129  12:32  Observer (Chrono Boost)  
  131  12:37  Observer (Chrono Boost)  
  131  12:43  High Templar x10  
  151  12:49  Archon x2  
  151  12:50  Archon  
  151  12:54  Immortal (Chrono Boost)  
  155  13:05  Assimilator  
  155  13:06  Assimilator  
  155  13:08  Photon Cannon x2  
  155  13:10  Immortal (Chrono Boost)  
  155  13:11  Pylon  
  159  13:17  High Templar x2  
  159  13:19  Zealot x3  
  169  13:25  Zealot x3  
  175  13:29  Zealot x2  
  169  13:47  Zealot x6  
  181  13:54  High Templar x3  
  181  13:55  High Templar  
  183  13:59  Immortal (Chrono Boost)  
  183  14:00  Archon  
  183  14:01  Archon  
  187  14:08  Zealot x3  
  187  14:09  Pylon, Zealot  
  195  14:12  Pylon  
  195  14:23  Zealot x2  
  187  14:32  Zealot x6  
  187  14:35  Zealot  
  187  14:37  Zealot  
  195  14:48  Zealot x2  
  198  14:56  Zealot  
  200  15:05  Stargate  
  200  15:06  Stargate  
  195  15:08  Fleet Beacon  
  195  15:12  Zealot  
  195  15:13  Zealot  
  185  15:55  Tempest x2 (Chrono Boost)  
  167  15:59  Zealot x4  
  167  16:03  Nexus  
  160  16:13  Tempest (Chrono Boost)  
  156  16:19  Pylon  
  150  16:34  Tempest (Chrono Boost)  
  154  16:40  Tempest (Chrono Boost)  
  151  16:50  Tempest (Chrono Boost)  
  155  17:11  Tempest (Chrono Boost)  
  156  17:19  Tempest (Chrono Boost)  
  156  17:21  Zealot  
  160  17:27  Tempest (Chrono Boost)  
  164  17:35  Zealot x3  
  164  17:36  Zealot  
  156  18:22  Immortal  
  156  18:23  Void Ray x3 (Chrono Boost)  
  156  18:26  Zealot x5  
  140  18:45  High Templar x2  
  140  18:47  Zealot x4  
  152  18:54  Archon  
  137  19:12  Zealot x3  
  141  19:33  Zealot x2  
  145  19:40  Zealot  
Tags
 
Add a new tag
Caveats
  • Supply blocks, unpowered buildings, or Contaminate may cause inaccurate times.
  • Supply counts are checked every 10 seconds.